 Dungeon Crawl Stone Soup version 0.31.0-11-ge490571c62 (webtiles) character file.

Game seed: 17308994402657469111

1508 Arcadio the Ducker (level 9, -2/66 HPs)
             Began as a Djinni Fire Elementalist on Jan 27, 2024.
             Killed by an exploding orc wizard (9 damage)
             ... ignited by their inner flame
             ... on level 5 of the Dungeon.
             The game lasted 00:08:21 (3752 turns).

Arcadio the Ducker (Djinni Fire Elementalist)       Turns: 3752, Time: 00:08:22

Health: -2/66      AC:  8    Str:  7    XL:     9   Next: 9%
Gold:   229        EV: 20    Int: 21    God:
                   SH:  0    Dex: 14

rFire   + + .        c - +0 dagger
rCold   x . .        (no shield)
rNeg    . . .        a - +0 robe
rPois   ∞            (no helmet)
rElec   .            t - +0 cloak
rCorr   .            u - +0 pair of gloves
SInv    .            (boots unavailable)
Will    .....        d - amulet of regeneration
Stlth   +            i - +4 ring of protection
HPRegen 1.11/turn    n - +5 ring of evasion
MPRegen 0.00/turn

%: infuse magic (-3 HP)
@: confused, flying
A: sickness immunity, fire resistance 2, cold vulnerability 1, float, innate
caster, HP casting, extra vitality 1
a: no special abilities


You were on level 5 of the Dungeon.
You visited 1 branch of the dungeon, and saw 5 of its levels.
You also visited: Ossuary.

You collected 229 gold pieces.

Inventory:

Hand Weapons
 c - a +0 dagger (weapon)
Armour
 a - a +0 robe (worn)
 t - a +0 cloak (worn)
 u - a +0 pair of gloves (worn)
Jewellery
 d - an amulet of regeneration (around neck)
 i - a +4 ring of protection (left hand)
 n - a +5 ring of evasion (right hand)
 A - an amulet of faith
Wands
 p - a wand of quicksilver (5)
 w - a wand of paralysis (13)
Scrolls
 e - 5 scrolls of teleportation {unknown}
 f - 2 scrolls of enchant weapon
 j - 3 scrolls of vulnerability
 l - 3 scrolls of revelation {unknown}
 m - a scroll of noise {unknown}
 r - a scroll of amnesia {unknown}
 v - 2 scrolls of poison
 x - 2 scrolls of fear {unknown}
 y - a scroll of brand weapon {unknown}
 B - a scroll of fog {unknown}
Potions
 b - a potion of resistance {unknown}
 g - a potion of degeneration
 h - 2 potions of curing {unknown}
 k - a potion of heal wounds {unknown}
 o - a potion of berserk rage {unknown}
 s - 2 potions of haste {unknown}
 z - a potion of ambrosia {unknown}
 C - a potion of magic {unknown}
 D - a potion of attraction {unknown}


   Skills:
 + Level 5.8 Fighting
 + Level 7.1 Dodging
 - Level 1.5 Stealth
 + Level 5.7 Spellcasting
 + Level 5.7 Conjurations
 + Level 5.7 Hexes
 + Level 5.7 Summonings
 + Level 5.7 Necromancy
 + Level 5.7 Translocations
 + Level 5.7 Fire Magic
 + Level 5.7 Ice Magic
 + Level 5.7 Air Magic
 + Level 5.7 Earth Magic
 + Level 5.7 Alchemy


You knew the following spells:

 Your Spells              Type           Power      Damage    Failure   Level
a - Foxfire               Conj/Fire      100%       2x1d9     1%          1
b - Scorch                Fire           60%        2d7       1%          2
c - Stone Arrow           Conj/Erth      60%        3d10      2%          3
d - Inner Flame           Hex/Fire       30%        N/A       2%          3
e - Flame Wave            Conj/Fire      30%        2d9       10%         4
f - Freeze                Ice            100%       1d10      1%          1
g - Mercury Vapours       Alch/Air       60%        N/A       1%          2
h - Mephitic Cloud        Conj/Alch/Air  30%        N/A       2%          3
i - Volatile Blastmotes   Fire/Tloc      60%        2d15      2%          3
Your spell library was empty.

Dungeon Overview and Level Annotations

Branches:
Dungeon (5/15)            Ossuary (visited)
 Temple: D:4-7

Altars:
Uskayaw

Annotations:
D:5 3 runed translucent doors, NotYourErnst's ghost, novice OpHW


Innate Abilities, Weirdness & Mutations

You are immune to sickness and miasma.
You are immune to poison.
Your flesh is very heat resistant. (rF++)
You are vulnerable to cold. (rC-)
You float through the air rather than walking.
You learn spells naturally, not from books.
Your magical power is your life essence.
You have superior vitality. (+4 MHP)


Message History

You resist with significant effort. The orc wizard barely misses you.
You closely miss the orc wizard.
The orc wizard hits you but does no damage.
Something hits you but does no damage. The orc completely misses you.
The orc priest completely misses you. The orc wizard misses you.
You hit the orc wizard but do no damage.
The orc wizard points at you and mumbles some strange words.
You are confused.
Something barely misses you. The orc barely misses you.
The orc priest casts a cantrip, but nothing happens.
The orc wizard closely misses you.
You completely miss something.
The orc wizard gestures wildly while chanting.
The orc wizard flickers and vanishes!
Something hits you but does no damage. The orc misses you.
The orc priest hits you with a +0 dagger.
The orc wizard misses you.
You miss the orc wizard. Something barely misses you.
Something closely misses you. The orc barely misses you.
The orc priest barely misses you.
The orc wizard hits you but does no damage.
You hit the orc.
Flame seeps out of the orc.
The orc is severely wounded.
You hear some strange, mumbled words.
A magic dart appears from out of thin air!
The magic dart hits you but does no damage.
Something hits you.
The orc is engulfed in blazing flames.
The orc explodes!
The fiery explosion engulfs you! You resist.
* * * LOW HITPOINT WARNING * * *
The fiery explosion engulfs the orc priest!!
The fiery explosion engulfs something.
Flame seeps out of something.
The fiery explosion engulfs the orc wizard!!!
The fiery explosion engulfs something!!!
Reactivating autopickup.
You feel a bit more experienced.
The orc wizard explodes!
The fiery explosion engulfs something!!
You feel a bit more experienced. The fiery explosion engulfs you! You resist.
You die...

#.(...#......[............:. .
#.(..(#...#######...........
#.#######....######...........
#.............................
#.............#####...........
#.............######..........
#.....)...................#>..
#...........§§###########.....
#...........○@# ####.#
#..........§§§# ...#
#........>..#§# #####
##.#########.... #. ....#
#....# #....# ######


There were no monsters in sight!

Vanquished Creatures
  Grinder (D:3)
  An ogre (D:5)
  A phantom (D:4)
  A centaur (D:5)
  4 elf zombies (Ossuary)
  4 wights
  3 human zombies (Ossuary)
  2 orc priests (D:5)
  A spectral scorpion (Ossuary)
  A hound (D:5)
  3 orc wizards (D:5)
  An iguana (D:4)
  2 crocodile zombies (Ossuary)
  2 spectral hounds (Ossuary)
  3 mummies (Ossuary)
  Robin (D:2)
  4 gnolls (D:4)
  4 adders
  2 hound simulacra (Ossuary)
  5 spectral adders (Ossuary)
  2 spectral gnolls (Ossuary)
  4 dart slugs
  2 ribbon worms
  An adder simulacrum (Ossuary)
  3 orcs
  7 bats
  5 endoplasms
  12 giant cockroaches
  17 goblins
  12 hobgoblins
  3 jackals (D:1)
  5 kobolds
  A quokka (D:2)
  5 ball pythons
  6 gnoll zombies (Ossuary)
  6 jackal simulacra (Ossuary)
  5 kobold zombies
  6 orc zombies (Ossuary)
  3 rats
  2 spectral jackals (Ossuary)
153 creatures vanquished.

Vanquished Creatures (others)
  10 foxfires (D:1)
10 creatures vanquished.

Grand Total: 163 creatures vanquished

Notes
Turn   | Place    | Note
-------+----------+-------------------------------------------
     0 | D:1      | Arcadio the Djinni Fire Elementalist began the quest for
                  | the Orb.
     0 | D:1      | Arcadio set off with the following spells memorised:
                  | Foxfire, Scorch, Volatile Blastmotes, Inner Flame, Flame
                  | Wave.
     0 | D:1      | Reached XP level 1. HP: 15/15 MP: 0/0
    84 | D:1      | Reached XP level 2. HP: 10/21 MP: 0/0
   413 | D:1      | Reached XP level 3. HP: 25/26 MP: 0/0
   413 | D:1      | Learned a level 1 spell: Freeze
   441 | D:1      | Reached skill level 3 in Dodging
   905 | D:2      | Reached skill level 1 in Fighting
  1093 | D:2      | Found a faded altar of an unknown god.
  1180 | D:2      | Reached XP level 4. HP: 31/32 MP: 0/0
  1720 | D:3      | Noticed Robin
  1732 | D:2      | Reached XP level 5. HP: 17/38 MP: 0/0
  1732 | D:2      | Learned a level 2 spell: Mercury Vapours
  1885 | D:2      | Killed Robin
  1962 | D:3      | Noticed Grinder
  1970 | D:3      | Killed Grinder
  1971 | D:3      | Reached skill level 4 in Dodging
  1971 | D:3      | Reached XP level 6. HP: 29/46 MP: 0/0
  2431 | D:4      | Reached XP level 7. HP: 42/50 MP: 0/0
  2431 | D:4      | Learned a level 3 spell: Mephitic Cloud
  2621 | D:4      | Found a hide-covered altar of Uskayaw.
  2772 | D:5      | Entered Level 5 of the Dungeon
  2772 | D:5      | Noticed NotYourErnst's ghost (novice OpHW)
  2772 | D:5      | Found a runed translucent gate.
  2772 | D:5      | Found a runed translucent gate.
  2772 | D:5      | Found a runed translucent gate.
  2778 | D:5      | Reached skill level 5 in Dodging
  2836 | D:5      | Found a sand-covered staircase.
  2874 | D:4      | Reached XP level 8. HP: 15/58 MP: 0/0
  2931 | D:4      | Reached skill level 5 in Spellcasting
  2931 | D:4      | Reached skill level 5 in Conjurations
  2931 | D:4      | Reached skill level 5 in Hexes
  2931 | D:4      | Reached skill level 5 in Summonings
  2931 | D:4      | Reached skill level 5 in Necromancy
  2931 | D:4      | Reached skill level 5 in Translocations
  2931 | D:4      | Reached skill level 5 in Fire Magic
  2931 | D:4      | Reached skill level 5 in Ice Magic
  2931 | D:4      | Reached skill level 5 in Air Magic
  2931 | D:4      | Reached skill level 5 in Earth Magic
  2931 | D:4      | Reached skill level 5 in Alchemy
  2932 | D:4      | Reached skill level 6 in Dodging
  3084 | Ossuary  | Entered an ossuary
  3273 | Ossuary  | Reached skill level 5 in Fighting
  3466 | Ossuary  | Reached skill level 7 in Dodging
  3466 | Ossuary  | Reached XP level 9. HP: 42/66 MP: 0/0
  3466 | Ossuary  | Learned a level 3 spell: Stone Arrow
  3752 | D:5      | Killed by an exploding orc wizard... ignited by their inner
                  | flame

Illustrated notes

Levels and vault maps discovered:
D:1:      dpeg_arrival_tiny_g, layout_basic
D:2:      layout_basic, hellmonk_ecumenical_altar_heavens_door
D:3:      layout_rooms, saegor_snake_ambush, uniq_grinder, uniq_robin
D:4:      layout_rooms, old_standard_altar, grunt_tough_drop
D:5:      layout_rooms, ebering_ghost_rock_garden, enter_ossuary_3,
          serial_curves, eino_curves_01, eino_curves_03

Skill      XL: |  1  2  3  4  5  6  7  8 |
---------------+-------------------------+-----
Dodging        | 3 4 5 7 |  7.1
Fighting       | 1 3 4 5 |  5.8
Spellcasting   | 4 5 |  5.7
Conjurations   | 4 5 |  5.7
Hexes          | 4 5 |  5.7
Summonings     | 4 5 |  5.7
Necromancy     | 4 5 |  5.7
Translocations | 4 5 |  5.7
Fire Magic     | 4 5 |  5.7
Ice Magic      | 4 5 |  5.7
Air Magic      | 4 5 |  5.7
Earth Magic    | 4 5 |  5.7
Alchemy        | 4 5 |  5.7
Stealth        | |  1.5

Action                     |  1- 3 |  4- 6 |  7- 9 || total
---------------------------+-------+-------+-------++-------
  Melee: Unarmed           |     5 |       |       ||     5
         Dagger            |       |       |    19 ||    19
   Cast: Foxfire           |     8 |       |       ||     8
         Scorch            |    33 |    72 |   158 ||   263
    Use: Scroll            |       |       |     6 ||     6
         Potion            |       |       |     1 ||     1
   Stab: Distracted        |       |       |     1 ||     1
 Armour: Robe              |    11 |    57 |   107 ||   175
  Dodge: Dodged            |    10 |    57 |   118 ||   185
